 Dungeon Crawl Stone Soup version 0.28-a0-1447-ga5a8893891 (webtiles) character file.

Game seed: 265059769117060342

1561 sanka the Caller (level 8, 0/57 (59) HPs)
             Began as a Gnoll Summoner on Jan 10, 2022.
             Was a Believer of Vehumet.
             Succumbed to a wight's poison
             ... on level 5 of the Dungeon.
             The game lasted 00:15:51 (10693 turns).

sanka the Caller (Gnoll Summoner)                  Turns: 10693, Time: 00:15:51

HP:   0/57 (59)     AC:  4    Str: 13    XL:     8   Next: 89%
MP:   13/17         EV: 14    Int: 17    God:    Vehumet [**....]
Gold: 437           SH:  0    Dex: 13    Spells: 12/19 levels left

rFire   . . .      SeeInvis .   a - +0 flail
rCold   + . .      Faith    .   (no shield)
rNeg    . . .      Spirit   .   f - +2 robe {rC+}
rPois   .          Reflect  .   (no helmet)
rElec   .          Harm     .   (no cloak)
rCorr   .          Rampage  .   (no gloves)
Will    .....                   (no boots)
Stlth   +++.......              (no amulet)
HPRegen 0.19/turn               u - +6 ring of strength
MPRegen 0.15/turn               (no ring)

@: lethally poisoned (0 -> -6), lightly drained
A: fangs 1, strong nose, distributed training
a: Renounce Religion


You were on level 5 of the Dungeon.
You worshipped Vehumet.
Vehumet was pleased with you.
You visited 2 branches of the dungeon, and saw 7 of its levels.

You collected 437 gold pieces.


Innate Abilities, Weirdness & Mutations

You have very sharp teeth.
Your uncanny sense of smell can sniff out nearby items.
Your experience applies equally to all skills.


   Skills:
 + Level 3.6 Fighting
 + Level 3.6 Short Blades
 + Level 3.6 Long Blades
 + Level 3.6 Axes
 + Level 3.6 Maces & Flails
 + Level 3.6 Polearms
 + Level 3.6 Staves
 + Level 3.6 Slings
 + Level 3.6 Bows
 + Level 3.6 Crossbows
 + Level 3.6 Throwing
 + Level 3.6 Armour
 + Level 5.9 Dodging
 + Level 5.6 Stealth
 + Level 3.6 Shields
 + Level 3.6 Unarmed Combat
 + Level 6.2 Spellcasting
 + Level 3.0 Conjurations
 + Level 3.0 Hexes
 + Level 7.8 Summonings
 + Level 3.0 Necromancy
 + Level 3.0 Translocations
 + Level 3.0 Transmutations
 + Level 3.0 Fire Magic
 + Level 3.0 Ice Magic
 + Level 3.0 Air Magic
 + Level 3.0 Earth Magic
 + Level 3.0 Poison Magic
 + Level 4.0 Invocations
 + Level 3.6 Evocations


You had 12 spell levels left.
You knew the following spells:

 Your Spells              Type           Power      Damage    Failure   Level
c - Call Canine Familiar  Summ           31%        N/A       1%          3
x - Call Imp              Summ           31%        N/A       1%          2
y - Freeze                Ice            60%        1d8       3%          1
z - Summon Small Mammal   Summ           100%       N/A       1%          1

Your spell library contained the following spells:

 Spells                   Type           Power      Damage    Failure   Level
 Static Discharge         Conj/Air       15%        N/A       5%          2
 Apportation              Tloc           30%        N/A       3%          1
 Summon Guardian Golem    Hex/Summ       23%        N/A       4%          3
 Summon Lightning Spire   Summ/Air       23%        N/A       14%         4
 Alistair's Intoxication  Tmut/Pois      10%        N/A       69%         5

Inventory:

Hand Weapons
 a - a +0 flail (weapon)
Armour
 f - a +2 robe of cold resistance (worn)
 p - a +1 cloak
 v - an orb of wrath
Magical Staves
 b - a staff of death
Jewellery
 u - a +6 ring of strength (left hand)
Wands
 g - a wand of iceblast (6)
 i - a wand of acid (7)
 k - a wand of flame (64)
Scrolls
 c - a scroll of enchant weapon {unknown}
 d - 2 scrolls of amnesia {unknown}
 h - 2 scrolls of identify {unknown}
 l - a scroll of holy word {unknown}
 m - a scroll of torment {unknown}
 o - a scroll of brand weapon {unknown}
 r - a scroll of immolation {unknown}
 t - a scroll of noise {unknown}
Potions
 e - 2 potions of curing {unknown}
 j - 2 potions of magic {unknown}
 n - a potion of berserk rage {unknown}
 q - 2 potions of heal wounds {unknown}
 s - 3 potions of attraction {unknown}

Dungeon Overview and Level Annotations

Branches:
Dungeon (6/15)             Temple (1/1) D:4

Altars:
Ashenzari
Cheibriados
Dithmenos
Elyvilon
Fedhas
Gozag
Hepliaklqana
Kikubaaqudgha
Makhleb
Nemelex Xobeh
Okawaru
Qazlal
Sif Muna
Trog
Uskayaw
Vehumet
Wu Jian
Xom
Yredelemnul
Zin
The Shining One

Shops:
D:4

!
▒......▒▒.▒▒....▒▒.▒
▒......▒▒........>.▒
▒......▒▒.......▒▒▒▒
.......▒▒▒▒▒▒▒▒..▒
......▒▒▒▒ ▒▒.▒
▒▒▒......▒ ▒.▒
▒▒▒......▒▒▒▒▒▒▒.▒
.........▒▒......▒
.▒▒......▒▒.....g▒
.▒▒......▒▒......▒
....▒▒▒▒▒▒▒.....▒▒
.▒▒▒▒ ▒.....▒ ...▒
▒▒▒.▒▒▒ ...▒ ▒.▒
...▒ ▒▒▒▒▒▒▒.▒▒▒▒▒
...▒▒▒▒...........▒▒
...........▒▒▒▒▒▒..▒


There were no monsters in sight!


Message History

You hit the wight. Your bite misses the wight.
The wight is severely damaged.
* * * LOW HITPOINT WARNING * * *
You feel very sick.
Your wolf bites the wight.
The wight is destroyed!
Vehumet accepts your kill.
Your wolf bites the wight.
The wight throws a stone.
The stone hits you.
* * * LOW HITPOINT WARNING * * *
The wight barely misses you.
Unknown command.
Unknown command.
* * * LOW HITPOINT WARNING * * *
You feel very sick.
Your wolf bites the wight.
Your wolf barely misses the wight.
There is a stone staircase leading up here.
Unknown command.
* * * LOW HITPOINT WARNING * * *
You feel sick.
Your wolf bites the wight.
The wight hits your wolf with a +4 flail!
The wight drains your wolf.
Your wolf dies!
The wight barely misses you.
You climb upwards.
You die...

Action                   |  1- 3 |  4- 6 |  7- 9 || total
-------------------------+-------+-------+-------++-------
Melee: Unarmed           |    19 |       |       ||    19
       Short sword       |    74 |    12 |       ||    86
       Bite              |     8 |    26 |    26 ||    60
       Punch             |       |    12 |     4 ||    16
       Flail             |       |   227 |   171 ||   398
 Cast: Summon Small Mamm |    15 |     3 |     1 ||    19
       Call Imp          |     2 |    13 |    19 ||    34
       Call Canine Famil |       |     4 |    17 ||    21
       Freeze            |       |       |    31 ||    31
 Stab: Sleeping          |     1 |     7 |     1 ||     9
       Distracted        |       |     2 |     2 ||     4
Armor: Robe              |    14 |    81 |    43 ||   138
Dodge: Dodged            |    61 |   215 |   194 ||   470

Levels and vault maps discovered:
D:1:      dpeg_arrival_lava_altar, layout_basic, serial_park_tiny_1,
          eino_curves_01
D:2:      layout_loops_ring, serial_undead, serial_undead_c, serial_undead_f,
          serial_undead_b, serial_undead_d, serial_undead_b, serial_undead_d,
          serial_undead_b, serial_undead_a, serial_undead_c, serial_undead_a,
          minmay_box_of_dots, uniq_jessica
D:3:      layout_basic, kennysheep_potato
D:4:      layout_loops_cross, minmay_temple_entry_butterflies, serial_shops,
          nicolae_shop_advertising_works [nicolae_subvault_shop_adworks]
D:5:      minmay_goblin_kobold_castle, layout_loops_cross,
          nicolae_qazlal_eye_of_the_storm, minmay_misc_feat_plants,
          kennysheep_generic_room_2
D:6:      layout_rooms, hex_intersection
Temple:   mainiacjoe_temple_big_plus

Notes
Turn   | Place    | Note
-------+----------+-------------------------------------------
     0 | D:1      | sanka the Gnoll Summoner began the quest for the Orb.
     0 | D:1      | Reached XP level 1. HP: 13/13 MP: 6/6
   158 | D:1      | Reached XP level 2. HP: 13/19 MP: 5/7
   251 | D:1      | Learned a level 2 spell: Call Imp
  1575 | D:1      | Found a stormy altar of Qazlal.
  1636 | D:2      | Reached XP level 3. HP: 25/25 MP: 9/9
  1661 | D:2      | Reached skill level 5 in Spellcasting
  1982 | D:2      | Reached skill level 1 in Invocations
  2165 | D:2      | Reached skill level 1 in Fighting
  2165 | D:2      | Reached skill level 1 in Short Blades
  2165 | D:2      | Reached skill level 1 in Long Blades
  2165 | D:2      | Reached skill level 1 in Axes
  2165 | D:2      | Reached skill level 1 in Maces & Flails
  2165 | D:2      | Reached skill level 1 in Polearms
  2165 | D:2      | Reached skill level 1 in Staves
  2165 | D:2      | Reached skill level 1 in Slings
  2165 | D:2      | Reached skill level 1 in Bows
  2165 | D:2      | Reached skill level 1 in Crossbows
  2165 | D:2      | Reached skill level 1 in Throwing
  2165 | D:2      | Reached skill level 1 in Armour
  2165 | D:2      | Reached skill level 1 in Shields
  2165 | D:2      | Reached skill level 1 in Unarmed Combat
  2165 | D:2      | Reached skill level 1 in Evocations
  2178 | D:2      | Reached XP level 4. HP: 14/32 MP: 8/11
  2412 | D:2      | Reached skill level 1 in Conjurations
  2412 | D:2      | Reached skill level 1 in Hexes
  2412 | D:2      | Reached skill level 1 in Necromancy
  2412 | D:2      | Reached skill level 1 in Translocations
  2412 | D:2      | Reached skill level 1 in Transmutations
  2412 | D:2      | Reached skill level 1 in Fire Magic
  2412 | D:2      | Reached skill level 1 in Ice Magic
  2412 | D:2      | Reached skill level 1 in Air Magic
  2412 | D:2      | Reached skill level 1 in Earth Magic
  2412 | D:2      | Reached skill level 1 in Poison Magic
  2627 | D:2      | Noticed Jessica
  2679 | D:2      | Killed Jessica
  2680 | D:2      | Reached XP level 5. HP: 29/37 MP: 12/12
  3746 | D:2      | Learned a level 3 spell: Call Canine Familiar
  4501 | D:3      | Reached skill level 2 in Invocations
  4501 | D:3      | Reached XP level 6. HP: 30/44 MP: 7/13
  4506 | D:3      | Noticed an ice beast
  4518 | D:3      | Killed an ice beast
  4519 | D:3      | Reached skill level 2 in Fighting
  4519 | D:3      | Reached skill level 2 in Short Blades
  4519 | D:3      | Reached skill level 2 in Long Blades
  4519 | D:3      | Reached skill level 2 in Axes
  4519 | D:3      | Reached skill level 2 in Maces & Flails
  4519 | D:3      | Reached skill level 2 in Polearms
  4519 | D:3      | Reached skill level 2 in Staves
  4519 | D:3      | Reached skill level 2 in Slings
  4519 | D:3      | Reached skill level 2 in Bows
  4519 | D:3      | Reached skill level 2 in Crossbows
  4519 | D:3      | Reached skill level 2 in Throwing
  4519 | D:3      | Reached skill level 2 in Armour
  4519 | D:3      | Reached skill level 5 in Dodging
  4519 | D:3      | Reached skill level 2 in Shields
  4519 | D:3      | Reached skill level 2 in Unarmed Combat
  4519 | D:3      | Reached skill level 2 in Evocations
  5879 | D:4      | Reached XP level 7. HP: 50/50 MP: 11/15
  6257 | D:4      | Reached skill level 2 in Conjurations
  6257 | D:4      | Reached skill level 2 in Hexes
  6257 | D:4      | Reached skill level 2 in Necromancy
  6257 | D:4      | Reached skill level 2 in Translocations
  6257 | D:4      | Reached skill level 2 in Transmutations
  6257 | D:4      | Reached skill level 2 in Fire Magic
  6257 | D:4      | Reached skill level 2 in Ice Magic
  6257 | D:4      | Reached skill level 2 in Air Magic
  6257 | D:4      | Reached skill level 2 in Earth Magic
  6257 | D:4      | Reached skill level 2 in Poison Magic
  6285 | D:4      | Found Laontar's Distillery.
  6450 | D:4      | Found a staircase to the Ecumenical Temple.
  6647 | Temple   | Entered the Ecumenical Temple
  7073 | Temple   | Became a worshipper of Vehumet
  7453 | D:5      | Entered Level 5 of the Dungeon
  7475 | D:5      | Reached skill level 5 in Stealth
  7748 | D:5      | Found a stormy altar of Qazlal.
  7847 | D:5      | Reached skill level 3 in Invocations
  8100 | D:5      | Reached XP level 8. HP: 41/57 MP: 14/16
  8103 | D:5      | Reached skill level 3 in Fighting
  8103 | D:5      | Reached skill level 3 in Short Blades
  8103 | D:5      | Reached skill level 3 in Long Blades
  8103 | D:5      | Reached skill level 3 in Axes
  8103 | D:5      | Reached skill level 3 in Maces & Flails
  8103 | D:5      | Reached skill level 3 in Polearms
  8103 | D:5      | Reached skill level 3 in Staves
  8103 | D:5      | Reached skill level 3 in Slings
  8103 | D:5      | Reached skill level 3 in Bows
  8103 | D:5      | Reached skill level 3 in Crossbows
  8103 | D:5      | Reached skill level 3 in Throwing
  8103 | D:5      | Reached skill level 3 in Armour
  8103 | D:5      | Reached skill level 3 in Shields
  8103 | D:5      | Reached skill level 3 in Unarmed Combat
  8103 | D:5      | Reached skill level 3 in Evocations
  9151 | D:5      | Reached * piety under Vehumet
  9151 | D:5      | Offered knowledge of Freeze by Vehumet.
  9267 | D:5      | Reached skill level 6 in Spellcasting
  9594 | D:5      | Learned a level 1 spell: Freeze
  9940 | D:5      | Reached ** piety under Vehumet
  9940 | D:5      | Offered knowledge of Static Discharge by Vehumet.
 10046 | D:6      | Identified the +3 mace of the Lurker {protect, rN++}
 10346 | D:6      | Reached skill level 3 in Conjurations
 10346 | D:6      | Reached skill level 3 in Hexes
 10346 | D:6      | Reached skill level 3 in Necromancy
 10346 | D:6      | Reached skill level 3 in Translocations
 10346 | D:6      | Reached skill level 3 in Transmutations
 10346 | D:6      | Reached skill level 3 in Fire Magic
 10346 | D:6      | Reached skill level 3 in Ice Magic
 10346 | D:6      | Reached skill level 3 in Air Magic
 10346 | D:6      | Reached skill level 3 in Earth Magic
 10346 | D:6      | Reached skill level 3 in Poison Magic
 10346 | D:6      | Reached skill level 4 in Invocations
 10374 | D:5      | HP: 5/59 [poisoned by a wight]
 10690 | D:6      | HP: 5/55 [wight/stone (6)]
 10691 | D:6      | HP: 2/57 [poisoned by a wight]
 10693 | D:5      | Succumbed to a wight's poison

Vanquished Creatures
  2 water moccasins
  An ice beast (D:3)
  A black bear (D:6)
  A necrophage (D:5)
  A water moccasin zombie (D:5)
  A wight (D:6)
  A hound (D:5)
  A scorpion zombie (D:2)
  A hound skeleton (D:2)
  5 gnolls (D:5)
  4 adders
  2 adder skeletons
  An adder zombie (D:2)
  A worm (D:2)
  2 dart slugs
  7 orcs
  11 ball pythons
  3 bats (D:2)
  A bat skeleton (D:2)
  2 bat zombies (D:2)
  2 endoplasms
  7 giant cockroaches
  22 goblins
  19 hobgoblins
  A jackal (D:4)
  5 quokkas
  2 ball python skeletons (D:2)
  2 frilled lizards
  8 kobolds
  2 quokka skeletons (D:2)
  A quokka zombie (D:2)
  6 rats
126 creatures vanquished.

Vanquished Creatures (collateral kills)
  An ogre (D:4)
  2 scorpions
  A wight (D:6)
  2 orc priests
  A jelly (D:5)
  A centaur skeleton (D:6)
  A bullfrog skeleton (D:3)
  Jessica (D:2)
  2 iguanas
  A killer bee zombie (D:5)
  A hound zombie (D:2)
  11 gnolls
  3 adders
  An adder skeleton (D:2)
  2 dart slugs
  3 orcs
  An endoplasm (D:1)
  A giant cockroach (D:1)
  7 hobgoblins
  3 jackals
  A quokka (D:1)
  A ball python (D:4)
  3 frilled lizards
  8 goblins (D:5)
  2 kobolds (D:1)
61 creatures vanquished.

Vanquished Creatures (others)
  A goblin (D:5)
  13 withered plants (D:2)
14 creatures vanquished.

Grand Total: 201 creatures vanquished
